 Dungeon Crawl Stone Soup version 0.17.2-1-ge4368a0 (webtiles) character file.

165139 ololoev the Severer (level 16, -2/133 HPs)
             Began as a Demonspawn Berserker on Aug 1, 2016.
             Was a Follower of Makhleb.
             Slain by a deep troll (9 damage)
             ... led by an ironheart preserver
             ... while paralysed
             ... on level 1 of the Vaults.
             The game lasted 01:26:56 (10067 turns).

ololoev the Severer (Demonspawn Berserker)         Turns: 10067, Time: 01:26:56

Health: -2/133     AC: 33    Str: 24    XL:     16   Next: 68%
Magic:  25/25      EV:  2    Int:  8    God:    Makhleb [*.....]
Gold:   1097       SH:  0    Dex: 24    Spells: 1 memorised, 7 levels left

rFire  + . .     SeeInvis .     a - +5 executioner's axe (freeze)
rCold  . . .     Clarity  .     D - +2 plate armour {rPois}
rNeg   + . .     SustAt   .     (shield currently unavailable)
rPois  +         Gourm    .     h - +0 helmet
rElec  +         Spirit   .     v - +2 cloak
rCorr  .         Warding  +     g - +0 pair of gloves
rMut   .         Rnd*Tele +     (boots unavailable)
MR     ++...                    G - amulet "Uschay" {Ward rN+ MR+ MP+9 Slay+3}
Stlth  ..........               F - ring of Twilight {rElec EV+1 Str+2 Int-3 Dex+6}
                                j - +6 ring of protection

@: paralysed, agile, exhausted, slowed, studying Armour, very resistant to
hostile enchantments, extremely unstealthy
A: talons 3, icy blue scales 2, fire resistance 1, ignite blood, powered by
death 1, teleportitis 1, flame cloud immunity
a: Renounce Religion
}: 2/15 runes: decaying, serpentine


Innate Abilities, Weirdness & Mutations

You have claws for feet.
You are mostly covered in icy blue scales (AC +3, EV -1).
Your flesh is heat resistant.
Your demonic aura causes spilled blood to erupt in flames.
You regenerate a little health from kills.
You are immune to clouds of flame.
You are occasionally teleported next to monsters.

Inventory:

Hand Weapons
 a - a +5 executioner's axe of freezing (weapon)
 P - a +2 demon whip of venom
Armour
 g - a +0 pair of gloves (worn)
 h - a +0 helmet (worn)
 v - a +2 cloak (worn)
 D - a +2 plate armour of poison resistance (worn)
 W - a +3 plate armour of cold resistance
Jewellery
 j - a +6 ring of protection (left hand)
 o - an uncursed ring of ice
 F - the ring of Twilight (right hand) {rElec EV+1 Str+2 Int-3 Dex+6}
   (You bought it in a shop on level 4 of the Orcish Mines)

   [ring of evasion]

   It affects your evasion (+1).
   It affects your strength (+2).
   It affects your intelligence (-3).
   It affects your dexterity (+6).
   It insulates you from electricity.
 G - the amulet "Uschay" (around neck) {Ward rN+ MR+ MP+9 Slay+3}
   (You bought it in a shop on level 4 of the Orcish Mines)

   [amulet of warding]

   It may prevent the melee attacks of summoned creatures.
   It affects your accuracy and damage with ranged weapons and melee attacks
   (+3).
   It protects you from negative energy.
   It affects your resistance to hostile enchantments.
   It affects your magic capacity (+9).
 U - a +3 ring of evasion
Wands
 l - a wand of disintegration (5)
 q - a wand of disintegration (12)
 t - a wand of digging (5)
 H - a wand of teleportation (6)
 L - a wand of heal wounds (4)
Scrolls
 d - 2 scrolls of immolation
 f - 3 scrolls of enchant armour
 k - 2 scrolls of remove curse
 p - 2 scrolls of fear
 y - 2 scrolls of fog
 A - a scroll of acquirement {unknown}
 B - 2 scrolls of blinking
 C - 4 scrolls of amnesia {unknown}
 Y - a scroll of random uselessness {unknown}
 Z - a scroll of recharging
Potions
 n - 2 potions of haste
 r - 3 potions of brilliance
 u - 3 potions of might
 w - 3 potions of magic
 x - 2 potions of flight
 z - 7 potions of curing
 M - a potion of resistance
 X - 2 potions of lignification
Books
 O - a manual of Armour
Miscellaneous
 K - a stone of tremors
 S - a box of beasts {used: 3}
Comestibles
 b - a chunk of flesh
 c - 9 bread rations
 m - 9 fruits
 s - a meat ration
 I - 7 royal jellies
 J - 4 beef jerkies
 N - 2 slices of pizza


   Skills:
 + Level 14.0 Fighting
 * Level 17.0 Axes
 + Level 13.4 Armour
 + Level 12.7 Dodging


You had 7 spell levels left.
You knew the following spells:

 Your Spells              Type           Power        Failure   Level  Hunger
a - Borgnjor's Revivific  Necr           #.........   100%        8    #######


You were on level 1 of the Vaults.
You worshipped Makhleb.
Makhleb was aware of your devotion.
You were not hungry.

You visited 6 branches of the dungeon, and saw 35 of its levels.
You also visited: Sewer, Bailey and Ice Cave.

You collected 2028 gold pieces.
You spent 931 gold pieces at shops.

.... .....# ....# ###
########...# ..##
.......#...# ...##
.......#...### ##....##
.......#...#.###......#
.......'...'..#.)§....#
.......#...#..§p@..#
.......#...'..cHT§##
....z..#...##.H..##
...C...#...###....#
+#)#####...# ##....#
p)z###.....# ######
....####...#
...#...##..#
###.....#..#

Notes
Turn   | Place    | Note
--------------------------------------------------------------
     0 | D:1      | ololoev the Demonspawn Berserker began the quest for the Orb.
     0 | D:1      | Reached XP level 1. HP: 18/18 MP: 1/1
   178 | D:1      | Gained mutation: Your flesh is heat resistant. [demonic ancestry]
   178 | D:1      | Reached XP level 2. HP: 18/24 MP: 2/2
   256 | D:2      | Found a radiant altar of Vehumet.
   435 | D:3      | Reached ** piety under Trog
   454 | D:3      | Gained mutation: You have sharp toenails. [demonic ancestry]
   454 | D:3      | Reached XP level 3. HP: 27/29 MP: 3/3
   489 | D:3      | Found an opulent altar of Gozag.
   552 | D:3      | Reached XP level 4. HP: 36/36 MP: 4/4
   593 | D:4      | Noticed an ogre
   595 | D:4      | Noticed Natasha
   671 | D:4      | Killed an ogre
   671 | D:4      | Reached XP level 5. HP: 42/42 MP: 5/5
   716 | D:4      | Killed Natasha
   743 | D:4      | Found a staircase to the Ecumenical Temple.
   790 | D:5      | Entered Level 5 of the Dungeon
   793 | D:5      | Noticed a centaur
   807 | D:5      | Killed a centaur
   807 | D:5      | Reached skill level 4 in Fighting
   809 | D:5      | Gained mutation: You regenerate a little health from kills. [demonic ancestry]
   809 | D:5      | Reached XP level 6. HP: 48/48 MP: 6/6
  1009 | D:6      | Found a glowing drain.
  1013 | Sewer    | Entered a sewer
  1068 | Sewer    | Noticed Purgy
  1075 | Sewer    | Killed Purgy
  1075 | Sewer    | Reached skill level 5 in Axes
  1075 | Sewer    | Reached XP level 7. HP: 55/55 MP: 7/7
  1266 | D:7      | Reached skill level 5 in Fighting
  1374 | D:8      | Gained mutation: You are immune to clouds of flame. [demonic ancestry]
  1374 | D:8      | Reached XP level 8. HP: 62/62 MP: 8/8
  1402 | D:8      | Found a burning altar of Makhleb.
  1425 | D:8      | Reached skill level 6 in Axes
  1457 | D:8      | Found Rekempif's Food Shoppe.
  1486 | D:8      | Reached *** piety under Trog
  1509 | D:8      | Found a flagged portal.
  1562 | Bailey   | Entered a bailey
  1728 | D:9      | Found Ibry's Magic Scroll Shoppe.
  1754 | D:9      | Reached skill level 7 in Axes
  1754 | D:9      | Reached skill level 5 in Dodging
  1785 | D:9      | Bought a scroll of enchant armour for 112 gold pieces
  1785 | D:9      | Bought a scroll of identify for 30 gold pieces
  1785 | D:9      | Bought a scroll of teleportation for 45 gold pieces
  1859 | D:10     | Entered Level 10 of the Dungeon
  1956 | D:9      | Noticed a troll
  1963 | D:9      | Killed a troll
  1963 | D:9      | Reached skill level 5 in Armour
  1963 | D:9      | Gained mutation: You have razor-sharp toenails. [demonic ancestry]
  1963 | D:9      | Reached XP level 9. HP: 69/69 MP: 9/9
  1996 | D:9      | Reached **** piety under Trog
  2079 | D:9      | Found an iron altar of Okawaru.
  2088 | D:9      | Found a shadowy altar of Dithmenos.
  2161 | D:9      | You fall through a shaft for 3 floors!
  2171 | D:13     | Noticed a centaur warrior
  2178 | D:13     | Killed a centaur warrior
  2178 | D:13     | Reached skill level 8 in Axes
  2261 | D:12     | Noticed a centaur zombie
  2278 | D:12     | Killed a centaur zombie
  2318 | D:12     | Gained mutation: You have claws for feet. [demonic ancestry]
  2318 | D:12     | Reached XP level 10. HP: 79/79 MP: 10/10
  2391 | D:12     | Noticed a hill giant
  2404 | D:12     | Killed a hill giant
  2404 | D:12     | Reached skill level 9 in Axes
  2535 | D:11     | Noticed Grum
  2555 | D:11     | Killed Grum
  2574 | D:11     | Noticed Nergalle
  2584 | D:11     | Killed Nergalle
  2618 | D:11     | Noticed Erolcha
  2619 | D:11     | Noticed Urug
  2641 | D:11     | Killed Erolcha
  2678 | D:11     | Killed Urug
  2743 | D:11     | Reached skill level 10 in Axes
  2857 | D:10     | Found a staircase to the Orcish Mines.
  2924 | D:10     | Gained mutation: Your demonic aura causes spilled blood to erupt in flames. [demonic ancestry]
  2924 | D:10     | Reached XP level 11. HP: 26/86 MP: 7/11
  2969 | Orc:1    | Entered Level 1 of the Orcish Mines
  3034 | Orc:1    | Found Fonyduv's Antique Weapon Boutique.
  3058 | Orc:1    | Reached ***** piety under Trog
  3562 | Orc:3    | Received a gift from Trog
  3575 | Orc:4    | Entered Level 4 of the Orcish Mines
  3750 | Orc:4    | Noticed Nessos
  3835 | Orc:4    | Killed Nessos
  3868 | Orc:4    | Noticed a sun demon
  3911 | Orc:4    | Reached skill level 11 in Axes
  3952 | Orc:4    | Noticed an orc high priest
  3956 | Orc:4    | Noticed an orc high priest
  3963 | Orc:4    | Killed an orc high priest
  3964 | Orc:4    | Gained mutation: You are occasionally teleported next to monsters. [a neqoxec]
  3966 | Orc:4    | Killed an orc high priest
  3967 | Orc:4    | Noticed an orc high priest
  3973 | Orc:4    | Killed an orc high priest
  3978 | Orc:4    | Found Yfotadd's Weapon Emporium.
  3978 | Orc:4    | Found Fani's Jewellery Shop.
  3989 | Orc:4    | Found Zucir's Food Emporium.
  3989 | Orc:4    | Found Lalic's Gadget Shop.
  4003 | Orc:4    | Bought the ring of Twilight {rElec EV+1 Str+2 Int-3 Dex+6} for 302 gold pieces
  4003 | Orc:4    | Bought the amulet "Uschay" {Ward rN+ MR+ MP+9 Slay+3} for 442 gold pieces
  4168 | D:11     | Gained mutation: You are partially covered in icy blue scales (AC +1). [demonic ancestry]
  4168 | D:11     | Reached XP level 12. HP: 96/96 MP: 12/12
  4281 | D:10     | Noticed a queen bee
  4305 | D:10     | Killed a queen bee
  4817 | D:11     | Found a staircase to the Lair.
  4854 | Lair:1   | Entered Level 1 of the Lair of Beasts
  5022 | Lair:2   | Received a gift from Trog
  5040 | Lair:2   | Reached skill level 12 in Axes
  5047 | Lair:2   | Reached skill level 10 in Fighting
  5148 | Lair:2   | Noticed a seven-headed hydra
  5154 | Lair:2   | Killed a seven-headed hydra
  5275 | Lair:3   | Found a staircase to the Snake Pit.
  5312 | Lair:3   | Reached XP level 13. HP: 84/104 MP: 7/13
  5578 | Lair:3   | Received a gift from Trog
  5743 | Lair:5   | Reached skill level 13 in Axes
  5969 | Lair:6   | Found a staircase to the Swamp.
  5977 | Lair:6   | Reached skill level 10 in Armour
  5977 | Lair:6   | Reached skill level 10 in Dodging
  6321 | Lair:8   | Entered Level 8 of the Lair of Beasts
  6436 | Lair:8   | Received a gift from Trog
  6520 | Lair:8   | Gained mutation: You are mostly covered in icy blue scales (AC +3, EV -1). [demonic ancestry]
  6520 | Lair:8   | Reached XP level 14. HP: 82/113 MP: 7/14
  6584 | Lair:8   | Reached skill level 14 in Axes
  6883 | Lair:8   | Noticed Maud
  6892 | Lair:8   | Killed Maud
  7029 | Lair:7   | Received a gift from Trog
  7189 | Lair:7   | Found a staircase to the Slime Pits.
  7276 | Swamp:1  | Entered Level 1 of the Swamp
  7535 | Swamp:2  | Noticed Louise
  7557 | Swamp:2  | Killed Louise
  7557 | Swamp:2  | Reached skill level 15 in Axes
  7719 | Swamp:4  | Entered Level 4 of the Swamp
  7753 | Swamp:3  | Received a gift from Trog
  7822 | Swamp:4  | Reached ****** piety under Trog
  7824 | Swamp:4  | Reached XP level 15. HP: 122/122 MP: 3/15
  7893 | Swamp:4  | Noticed nublet's ghost (adept TrTm)
  7942 | Swamp:4  | Noticed the 27-headed Lernaean hydra
  7947 | Swamp:4  | Killed the 27-headed Lernaean hydra
  8016 | Swamp:4  | Got a decaying rune of Zot
  8256 | Snake:1  | Entered Level 1 of the Snake Pit
  8383 | Snake:2  | Received a gift from Trog
  8531 | Snake:4  | Entered Level 4 of the Snake Pit
  8586 | Snake:4  | Reached skill level 16 in Axes
  8638 | Snake:4  | Found a frozen archway.
  8644 | IceCv    | Entered an ice cave
  8982 | Snake:4  | Received a gift from Trog
  8988 | Snake:4  | Reached XP level 16. HP: 126/131 MP: 16/16
  9027 | Snake:4  | Noticed Jorgrun
  9039 | Snake:4  | Killed Jorgrun
  9053 | Snake:4  | Noticed a greater naga
  9054 | Snake:4  | Noticed a greater naga
  9062 | Snake:4  | Killed a greater naga
  9072 | Snake:4  | Noticed a greater naga
  9078 | Snake:4  | Noticed a greater naga
  9087 | Snake:4  | Killed a greater naga
  9096 | Snake:4  | Got a serpentine rune of Zot
  9310 | D:11     | Received a gift from Trog
  9394 | D:8      | Fell from the grace of Trog
  9394 | D:8      | Became a worshipper of Makhleb the Destroyer
  9410 | D:8      | Found a snail-covered altar of Cheibriados.
  9566 | D:13     | Noticed Kirke
  9574 | D:13     | Killed Kirke
  9687 | D:13     | Noticed a centaur warrior
  9691 | D:13     | Noticed a centaur skeleton
  9693 | D:13     | Noticed a brown ugly thing
  9694 | D:13     | Noticed a vault guard
  9695 | D:13     | Killed a centaur warrior
  9696 | D:13     | Killed a brown ugly thing
  9696 | D:13     | Killed a centaur skeleton
  9697 | D:13     | Noticed a komodo dragon
  9700 | D:13     | Killed a komodo dragon
  9702 | D:13     | Killed a vault guard
  9703 | D:13     | Noticed a hill giant
  9707 | D:13     | Noticed a wizard
  9709 | D:13     | Killed a hill giant
  9710 | D:13     | Killed an unseen horror
  9711 | D:13     | Reached * piety under Makhleb
  9721 | D:13     | Killed a wizard
  9905 | D:13     | Learned a level 8 spell: Borgnjor's Revivification
  9910 | D:13     | Found a gate to the Vaults.
  9916 | Vaults:1 | Entered Level 1 of the Vaults
 10059 | Vaults:1 | Reached skill level 17 in Axes
 10067 | Vaults:1 | Slain by a deep troll

Dungeon Overview and Level Annotations

Branches:
Dungeon (14/15)            Temple (0/1) D:4            Lair (8/8) D:11
  Swamp (4/4) Lair:6        Snake (4/4) Lair:3        Slime (0/6) Lair:7
    Orc (4/4) D:10         Vaults (1/5) D:13
    Elf: Orc:3-4

Altars:
Cheibriados
Dithmenos
Gozag
Makhleb
Okawaru
Vehumet

Shops:
D:8 %   D:9 ?   Orc:1 (   Orc:4 (=%}

Annotations:
Lair:6 exclusion: ice statue
Swamp:4 nublet's ghost, adept TrTm


Message History

The yaktaur captain is almost dead.
You slice the hill giant!! You freeze the hill giant.
You kill the hill giant!
Makhleb accepts your kill.
You feel better.
The ironbrand convoker is engulfed in roaring flames.
The yaktaur captain is engulfed in roaring flames.
The yaktaur captain hits you but does no damage.
The deep troll is engulfed in roaring flames.
Unknown command.
You slash the yaktaur captain! You freeze the yaktaur captain.
You kill the yaktaur captain!
Makhleb accepts your kill.
You barely miss the deep troll.
The deep troll is moderately wounded.
You hit the ironbrand convoker. You freeze the ironbrand convoker.
The ironbrand convoker is moderately wounded.
You are no longer berserk.
You pass out from exhaustion.
You feel yourself slow down.
The ironbrand convoker hits you but does no damage.
The deep troll bites you but does no damage.
The deep troll claws you but does no damage.
The deep troll claws you!
The ironbrand convoker hits you but does no damage.
The deep troll bites you!! The deep troll claws you!!
The deep troll claws you but does no damage.
You hear the stately tolling of a very distant bell.
The harpy claws you but does no damage. The harpy claws you.
The deep troll bites you! The deep troll claws you.
The deep troll claws you but does no damage.
The harpy claws you! The harpy claws you but does no damage.
The ironbrand convoker hits you but does no damage.
The deep troll bites you! The deep troll claws you! The deep troll claws you.
The harpy screeches!
The harpy barely misses you. x2
The ironbrand convoker hits you but does no damage.
The deep troll bites you but does no damage.
The deep troll claws you! x2
You die...

You could see a deep troll, an ironbrand convoker, a yaktaur and 2 harpies.

Vanquished Creatures
  Jorgrun (Snake:4)
  Kirke (D:13)
  2 greater nagas (Snake:4)
  A vault warden (D:13)
  Louise (Swamp:2)
  2 ironheart preservers (Vaults:1)
  A vault guard (D:13)
  2 blizzard demons (IceCv)
  A fire dragon (Vaults:1)
  3 yaktaur captains (Vaults:1)
  4 catoblepae
  13 hydras
  4 naga warriors
  An anaconda (Snake:4)
  An alligator (Swamp:4)
  2 centaur warriors (D:13)
  Urug (D:11)
  5 shock serpents
  3 orc high priests (Orc:4)
  17 death yaks
  6 naga sharpshooters
  2 skeletal warriors (Vaults:1)
  A fire crab (Lair:8)
  3 salamander mystics
  An unseen horror (D:13)
  6 swamp dragons (Swamp:4)
  A deep troll (D:13)
  4 ice devils (IceCv)
  4 hill giants
  A naga ritualist (Snake:4)
  2 ironbrand convokers (Vaults:1)
  A harpy (Vaults:1)
  A wizard (D:13)
  7 salamanders
  A wolf spider (Vaults:1)
  5 naga magi
  6 orc knights
  3 mana vipers
  An ugly thing (D:13)
  A griffon (Lair:8)
  12 elephants
  4 orc sorcerers
  A centaur zombie (D:12)
  A torpor snail (Lair:7)
  2 ice statues (IceCv)
  21 black mambas
  7 komodo dragons
  14 spiny frogs
  A queen bee (D:10)
  A fire drake (Lair:7)
  4 freezing wraiths (Snake:4)
  5 polar bears
  8 blue devils (IceCv)
  4 giant leeches
  6 trolls
  A boulder beetle (Lair:8)
  9 blink frogs (Lair:2)
  A two-headed ogre (D:13)
  3 shadows
  3 hogs (D:13)
  30 yaks
  A basilisk (Lair:7)
  A mottled dragon (D:12)
  Grum (D:11)
  2 wyverns
  A hippogriff (Lair:3)
  A hungry ghost (D:8)
  12 vampire mosquitoes
  A human (D:13)
  A warg (Orc:2)
  11 swamp worms
  36 wolves
  A sky beast (D:9)
  12 porcupines
  24 nagas
  3 black bears
  An eye of draining (D:10)
  9 water moccasins
  Purgy (Sewer)
  A phantom (D:8)
  11 swamp drakes
  11 ice beasts
  13 orc warriors
  2 wasps
  9 ogres
  13 crocodiles
  2 big kobolds
  9 centaurs
  7 giant frogs
  4 scorpions
  A human simulacrum (Vaults:1)
  26 killer bees
  3 wights (D:9)
  2 electric eels
  3 crimson imps
  2 jellies
  7 hounds
  15 orc priests
  2 giant frog skeletons
  24 orc wizards
  3 centaur skeletons
  5 iguanas
  Natasha (D:4)
  3 worker ants
  8 sheep (Lair:8)
  A worker ant zombie (D:10)
  6 adders
  29 river rats
  2 shadow imps
  8 white imps
  8 ufetubi (IceCv)
  2 oozes (D:3)
  An adder skeleton (D:10)
  A worm (D:8)
  3 giant geckos
  140 orcs
  6 ball pythons
  4 bats
  5 giant cockroaches
  6 hobgoblins
  9 jackals
  A quokka (D:7)
  7 giant newts
  13 kobolds
  A quokka zombie (D:6)
  A rat (D:1)
  A bush (Lair:6)
  4 fungi
  6 plants
832 creatures vanquished.

Vanquished Creatures (collateral kills)
  the Lernaean hydra (Swamp:4)
  Maud (Lair:8)
  Nessos (Orc:4)
  Erolcha (D:11)
  A catoblepas (Lair:6)
  5 hydras
  Nergalle (D:11)
  2 swamp dragons (Swamp:4)
  A shadow (D:11)
  A steam dragon (D:11)
  A vampire mosquito (Lair:6)
  2 wolves
  An ice beast (Lair:6)
  A water moccasin (Lair:6)
  A crocodile (Lair:6)
  A hound (D:11)
  An orc priest (Orc:4)
  A hound skeleton (D:11)
  A river rat (Lair:6)
  4 orcs (Orc:4)
29 creatures vanquished.

Vanquished Creatures (others)
  A naga (Snake:4)
  2 ufetubi (IceCv)
  An orc (Orc:3)
  14 fungi
18 creatures vanquished.

Grand Total: 879 creatures vanquished

Action                   |  1- 3 |  4- 6 |  7- 9 | 10-12 | 13-15 | 16-18 || total
-------------------------+-------+-------+-------+-------+-------+-------++-------
Melee: Hand axe          |   115 |   112 |   142 |       |       |       ||   369
       War axe           |       |       |   162 |    63 |       |       ||   225
       Battleaxe         |       |       |       |   485 |   324 |       ||   809
       Morningstar       |       |       |       |     3 |    45 |       ||    48
       Executioner's axe |       |       |       |       |   364 |   169 ||   533
Invok: Berserk           |     3 |     4 |     8 |    11 |     4 |       ||    30
       Trog's Hand       |       |     2 |     7 |     9 |    11 |     2 ||    31
       Brothers in Arms  |       |       |       |     6 |     4 |       ||    10
Evoke: Wand              |       |       |     6 |       |     4 |     6 ||    16
       Sack of spiders   |       |       |       |    14 |       |       ||    14
       Box of beasts     |       |       |       |       |     2 |     1 ||     3
  Use: Scroll            |       |       |     8 |     5 |    11 |     5 ||    29
       Potion            |       |       |       |     1 |     7 |     5 ||    13
 Stab: Sleeping          |     1 |       |       |       |       |       ||     1
       Distracted        |       |       |       |       |     2 |       ||     2
  Eat: Beef jerky        |     1 |       |       |       |       |       ||     1
       Chunk             |       |     4 |    16 |    25 |    17 |     4 ||    66
       Royal jelly       |       |     1 |       |       |       |       ||     1
       Meat ration       |       |       |       |       |     1 |       ||     1

Vault maps used:
D:1:      onia_arrival_mini_maze_b
D:2:      vehumet_crystals
D:3:      led_xom_imps, lemuel_doored_altar, first_bread,
          uniq_crazy_yiuf_cottage
D:4:      kennysheep_spiral_hall, minmay_temple_entry_statues_fountains,
          uniq_edmund, uniq_grinder, uniq_natasha, uniq_menkaure
D:5:      kennysheep_kobold_camp, kennysheep_mini_moat, grunt_dithmenos_shadows,
          uniq_sigmund
D:6:      lemuel_coloured_pillars_altar, nemelex_altar_shiori,
          gup_sewer_entry_bowl
D:7:      gammafunk_temple_overflow_pools
D:8:      slow_altar_1, lemuel_round_altar, serial_shops,
          nicolae_shop_scaring_up_business, enter_bailey_2
D:9:      minitemple, serial_shops, shop
D:10:     david_orc_2, david_nohive_1
D:11:     david_lair_shrubbed, uniq_nergalle, uniq_urug, uniq_erolcha, uniq_grum
D:13:     david_vaults_5, uniq_kirke
D:14:     minmay_misc_feat_diagonals, basic_altar, serial_shops, shop
Lair:2:   serial_bayou_shore_b, lemuel_fruit_tree, grunt_megastairs_2,
          serial_bayou_shore_a
Lair:3:   minmay_snake_entry_six_corridors, st_stairs_10,
          nicolae_quartered_pool_medium, minivault_11
Lair:5:   minivault_26, uniq_snorg
Lair:6:   minmay_swamp_entry_worms, st_stairs_7, ice2_lemuel,
          infiniplex_staircase_pool
Lair:7:   dpeg_slime_entry_corner, serial_bayou_shore_b
Lair:8:   evilmike_catoblepas_cave, grunt_megastairs_4, uniq_maud
Swamp:1:  nicolae_swamp_very_dense_foliage
Swamp:2:  evilmike_swamp_ruin_house_5, uniq_louise
Swamp:3:  evilmike_swamp_ruin_house_2
Swamp:4:  swamp_old_school, swamp_pool3
Snake:1:  serial_shops, shop_statue
Snake:4:  minmay_snake_end_coiled, portal_ice_cave_entry_horrid_things,
          basic_altar, uniq_jorgrun
Orc:1:    serial_shops, nicolae_shop_stone
Orc:2:    trog_butcher_becter
Orc:3:    nicolae_orc_pool_cavern, mines2_lemuel, uniq_sonja
Orc:4:    grunt_orc_tribal_feast, uniq_nessos
Vaults:1: nicolae_vaults_little_squares_3, vaults_dpeg_doors,
          nicolae_vaults_angled_halls, vaults_mumra_hexcomb,
          vaults_room_door_hall, ontoclasm_vaults_shuriken,
          hangedman_vaults_corner_blocks, v_pattern_5,
          nicolae_vaults_mini_display_case, dpeg_vaults_waves,
          vaults_dpeg_hooks, vaults_room_door_ring, vaults_room_corners,
          serial_shops, bzr_entry_islet
Sewer:    sewer_co_purgy_island
Bailey:   bailey_polearm_5, bailey
IceCv:    ice_cave_small_demon
